 Dungeon Crawl Stone Soup version 0.20.0-10-g0535bb4 (webtiles) character file.

6149 Remaster19 the Fighter (level 10, -17/76 HPs)
             Began as an Octopode Fighter on June 5, 2017.
             Was a Priest of Dithmenos.
             Killed from afar by an orc sorcerer (23 damage)
             ... with a bolt of fire
             ... on level 1 of the Orcish Mines.
             The game lasted 00:35:28 (10169 turns).

Remaster19 the Fighter (Octopode Fighter)          Turns: 10169, Time: 00:35:29

Health: -17/76     AC:  1    Str: 15    XL:     10   Next: 90%
Magic:  0/10       EV: 16    Int: 11    God:    Dithmenos [***...]
Gold:   431        SH: 10    Dex: 15    Spells: 9/9 levels left

rFire    . . .     SeeInvis .   a - +0 long sword
rCold    . . .     Gourm    .   b - +0 shield
rNeg     . . .     Faith    .   (helmet restricted)
rPois    +         Spirit   +   g - amulet of guardian spirit
rElec    .         Reflect  .   r - ring of poison resistance
rCorr    .         Harm     .   f - +1 ring of evasion
MR       .....                  (no ring)
Stlth    +++++++...             (no ring)
Regen    0.3/turn               (no ring)
MPRegen  0.2/turn               (no ring)
                                (no ring)
                                (no ring)

@: wreathed by umbra
A: almost no armour, stealthy swim, amphibious, 8 rings, constrict 8, camouflage
1, gelatinous body 1
a: Shadow Step, Renounce Religion


You were on level 1 of the Orcish Mines.
You worshipped Dithmenos.
Dithmenos was most pleased with you.
You were not hungry.

You visited 3 branches of the dungeon, and saw 11 of its levels.
You also visited: Ossuary.

You collected 431 gold pieces.

Inventory:

Hand Weapons
 a - a +0 long sword (weapon)
Missiles
 q - a tomahawk (quivered)
Armour
 b - a +0 shield (worn)
Jewellery
 f - a +1 ring of evasion (right tentacle)
 g - an amulet of guardian spirit (around mantle)
 n - an uncursed amulet of regeneration
 r - a ring of poison resistance (left tentacle)
Wands
 y - a wand of acid (5/15)
 E - a wand of polymorph (11/24)
 G - a wand of iceblast (7/15)
Scrolls
 e - 4 scrolls of remove curse
 h - 4 scrolls of amnesia
 i - 3 scrolls of teleportation
 j - a scroll of fog
 m - 2 scrolls of blinking
 o - a scroll of magic mapping {unknown}
 t - a scroll of recharging {unknown}
 C - 2 scrolls of enchant armour {unknown}
 F - a scroll of enchant weapon {unknown}
 J - a scroll of holy word {unknown}
Potions
 c - 2 potions of might
 k - a potion of degeneration {unknown}
 l - 4 potions of curing
 p - 3 potions of resistance
 s - a potion of lignification {unknown}
 u - 3 potions of ambrosia
 v - 3 potions of brilliance
 w - a potion of magic {unknown}
 x - a potion of heal wounds {unknown}
 z - a potion of agility
 A - a potion of invisibility {unknown}
 B - 3 potions of flight
Books
 I - a book of Geomancy

   Spells                             Type                      Level
   a - Sandblast                      Earth                        1
   b - Passwall                       Transmutation/Earth          2
   c - Stone Arrow                    Conjuration/Earth            3
   d - Petrify                        Transmutation/Earth          4
   e - Lee's Rapid Deconstruction     Earth                        5
Comestibles
 d - 6 bread rations
 D - a royal jelly


   Skills:
 - Level 9.8 Fighting
 - Level 8.1 Long Blades
 - Level 6.4 Dodging
 - Level 8.1 Stealth
 + Level 7.4 Shields


You had 9 spell levels left.
You didn't know any spells.

Dungeon Overview and Level Annotations

Branches:
Dungeon (10/15)            Temple (1/1) D:4             Orc (1/2) D:9
   Lair: D:8-11

Altars:
Ashenzari
Cheibriados
Dithmenos
Elyvilon
Fedhas
Gozag
Hepliaklqana
Kikubaaqudgha
Makhleb
Okawaru
Qazlal
Sif Muna
Trog
Uskayaw
Vehumet
Xom
Yredelemnul
Zin
The Shining One

Shops:
D:4 *:(!   D:6 *


Innate Abilities, Weirdness & Mutations

You cannot wear most types of armour.
You are very stealthy in the water. (Stealth+)
You are amphibious.
You can wear up to eight rings at the same time.
You can use your tentacles to constrict eight enemies at once.
Your skin changes colour to match your surroundings (Stealth+).
Your rubbery body absorbs attacks. (AC +1, EV +1)


Message History

The orc sorcerer is heavily wounded.
You constrict the orc sorcerer. You block the warg's attack.
The orc sorcerer mumbles some strange words.
The orc sorcerer shimmers violently.
You block the orc sorcerer's attack.
You slash the warg! You squeeze the warg!
The warg is almost dead.
You constrict the orc sorcerer, but do no damage.
You block the warg's attack. You block the orc sorcerer's attack.
The warg bites you!
* * * LOW HITPOINT WARNING * * *
You barely miss the warg.
The warg is almost dead.
You constrict the orc sorcerer. The warg bites you!
* * * LOW HITPOINT WARNING * * *
The orc sorcerer mumbles some strange words.
The orc sorcerer's hands start to glow.
The orc sorcerer casts a spell at you. The bolt of fire hits you!
You die...

##......###
##..<.# .#.#
#.....##...#
####.....#
#.....## .
###...### ...
##.....##
.....#)..^...#
#...h@#...$#
#....o#...##
....##......#
#$.. ......##
#.. ##......
.# #..#...#
..##...# ..
...#


You could see a warg and an orc sorcerer.

Vanquished Creatures
  A two-headed ogre (D:9)
  An orc sorcerer (Orc:1)
  A kobold demonologist (D:9)
  2 trolls (D:9)
  Grinder (D:6)
  A hippogriff (D:9)
  Sigmund (D:3)
  A yak (D:9)
  A wyvern (D:10)
  A warg (D:9)
  Duvessa (D:4)
  A water moccasin (D:6)
  2 black bears
  2 ice beasts
  4 orc warriors
  A necrophage (D:9)
  A phantom (D:9)
  5 ogres
  A big kobold (D:9)
  2 bullfrogs
  A water moccasin zombie (Ossuary)
  Dowan (D:4)
  3 scorpions
  4 howler monkeys
  2 bullfrog zombies
  A centaur zombie (D:9)
  5 hounds
  2 jellies
  A bullfrog skeleton (D:9)
  Crazy Yiuf (D:4)
  3 orc priests
  Jessica (D:3)
  3 centaur skeletons
  4 worker ants
  Natasha (thrice) (D:3)
  2 iguanas
  2 orc wizards (D:9)
  3 big kobold zombies (Ossuary)
  A hound zombie (D:6)
  2 mummies (Ossuary)
  A howler monkey skeleton (D:5)
  4 gnolls (D:2)
  13 adders
  A shadow imp (D:9)
  5 adder zombies
  3 worms
  2 dart slugs
  7 leopard geckos
  15 orcs
  3 bats
  10 giant cockroaches
  7 gnoll zombies (Ossuary)
  7 goblins
  9 hobgoblins
  11 jackals
  4 ball pythons
  5 frilled lizards
  3 hobgoblin zombies (Ossuary)
  2 jackal skeletons
  16 kobolds
  4 kobold zombies (Ossuary)
  2 leopard gecko skeletons
  4 orc zombies (Ossuary)
  5 rats
219 creatures vanquished.

Vanquished Creatures (others)
  A sky beast (D:9)
1 creature vanquished.

Grand Total: 220 creatures vanquished

Notes
Turn   | Place    | Note
-------+----------+-------------------------------------------
     0 | D:1      | Remaster19 the Octopode Fighter began the quest for the Orb.
     0 | D:1      | Reached XP level 1. HP: 16/16 MP: 1/1
   235 | D:1      | Reached XP level 2. HP: 21/21 MP: 2/2
   677 | D:1      | Reached XP level 3. HP: 24/26 MP: 3/3
  1549 | D:2      | Reached XP level 4. HP: 31/31 MP: 4/4
  2007 | D:2      | Reached skill level 4 in Fighting
  2171 | D:3      | Noticed Natasha
  2177 | D:3      | Killed Natasha
  2177 | D:3      | Reached XP level 5. HP: 26/37 MP: 2/5
  2391 | D:3      | Noticed Jessica
  2403 | D:3      | Killed Jessica
  2411 | D:3      | Found a faded altar of an unknown god.
  2491 | D:3      | Noticed Sigmund
  2597 | D:3      | Noticed Natasha
  2602 | D:3      | Killed Natasha
  2620 | D:3      | Noticed Natasha
  2629 | D:3      | Killed Natasha
  2629 | D:3      | Reached XP level 6. HP: 11/44 MP: 0/6
  3015 | D:3      | Killed Sigmund
  3015 | D:3      | Reached skill level 5 in Fighting
  3015 | D:3      | Reached skill level 5 in Long Blades
  3201 | D:4      | Found a runed door.
  3205 | D:4      | Noticed Crazy Yiuf
  3208 | D:4      | Killed Crazy Yiuf
  3208 | D:4      | Reached XP level 7. HP: 50/50 MP: 7/7
  3245 | D:4      | Found Wuyfoemi's Book Emporium.
  3245 | D:4      | Found Vubeylob's Assorted Antiques.
  3246 | D:4      | Found Jenuag's Weapon Emporium.
  3247 | D:4      | Found Geulen's Distillery.
  3550 | D:4      | Found a staircase to the Ecumenical Temple.
  3557 | Temple   | Entered the Ecumenical Temple
  3627 | Temple   | Became a worshipper of Dithmenos the Shadowed
  3795 | D:4      | Found a shadowy altar of Dithmenos.
  3984 | D:4      | Noticed Duvessa
  4052 | D:5      | Entered Level 5 of the Dungeon
  4070 | D:5      | Found a sand-covered staircase.
  4079 | Ossuary  | Entered an ossuary
  4399 | Ossuary  | Reached * piety under Dithmenos
  4626 | D:5      | Found a glowing silver altar of Zin.
  4655 | D:5      | Reached skill level 5 in Dodging
  4655 | D:5      | Reached XP level 8. HP: 48/55 MP: 6/8
  5022 | D:5      | Reached skill level 5 in Shields
  5052 | D:5      | Reached ** piety under Dithmenos
  5338 | D:5      | Noticed a troll
  5338 | D:5      | Noticed a two-headed ogre
  5625 | D:4      | Noticed Dowan
  5631 | D:4      | Killed Duvessa
  5637 | D:4      | Killed Dowan
  5827 | D:6      | Noticed Grinder
  5835 | D:6      | Killed Grinder
  5835 | D:6      | Reached skill level 6 in Fighting
  5930 | D:6      | Found Yweducue's Serpentskin Sales.
  5953 | D:6      | Reached XP level 9. HP: 58/63 MP: 7/9
  6930 | D:5      | Reached skill level 7 in Fighting
  7230 | D:7      | Found a basalt altar of Yredelemnul.
  7283 | D:7      | You fall through a shaft for 3 floors!
  7283 | D:10     | Entered Level 10 of the Dungeon
  7545 | D:9      | Found a staircase to the Orcish Mines.
  7548 | D:9      | Noticed a two-headed ogre
  7548 | D:9      | Found a shattered altar of Ashenzari.
  7583 | D:9      | Reached skill level 8 in Fighting
  7660 | D:9      | Reached skill level 1 in Stealth
  7872 | D:9      | Reached XP level 10. HP: 72/72 MP: 10/10
  7884 | D:9      | Reached skill level 5 in Stealth
  7935 | D:9      | Reached *** piety under Dithmenos
  8043 | D:9      | Noticed a cyclops
  8425 | D:9      | Noticed a white ugly thing
  8716 | D:9      | Noticed a green ugly thing
  9073 | D:9      | Killed a two-headed ogre
  9073 | D:9      | Reached skill level 9 in Fighting
  9352 | D:9      | HP: 3/74 [steam dragon (5)]
 10066 | D:9      | Noticed a kobold demonologist
 10077 | D:9      | Killed a kobold demonologist
 10149 | Orc:1    | Entered Level 1 of the Orcish Mines
 10154 | Orc:1    | Noticed an orc sorcerer
 10156 | Orc:1    | Noticed an orc sorcerer
 10160 | Orc:1    | Killed an orc sorcerer
 10169 | Orc:1    | Killed from afar by an orc sorcerer

Skill      XL: |  1  2  3  4  5  6  7  8  9 10 |
---------------+-------------------------------+-----
Long Blades    | 3 4 5 6 8 |  8.1
Fighting       | 4 5 6 8 9 |  9.8
Dodging        | 5 6 |  6.4
Shields        | 4 6 7 |  7.4
Stealth        | 4 8 |  8.1

Action                   |  1- 3 |  4- 6 |  7- 9 | 10-12 || total
-------------------------+-------+-------+-------+-------++-------
Melee: Long sword        |    58 |    72 |   278 |   178 ||   586
       Tentacles         |    13 |    26 |    87 |    49 ||   175
       Constrict         |    21 |    29 |    78 |    20 ||   148
Throw: Tomahawk          |       |     2 |     4 |     5 ||    11
  Use: Scroll            |     3 |     3 |     6 |     5 ||    17
       Potion            |       |     1 |     1 |     2 ||     4
 Stab: Sleeping          |     3 |     3 |    23 |     2 ||    31
       Distracted        |       |       |     1 |     3 ||     4
  Eat: Chunk             |     2 |     5 |     7 |     5 ||    19
       Bread ration      |       |       |     2 |       ||     2
       Royal jelly       |       |       |       |     1 ||     1
Armor: Skin              |     1 |       |     6 |     4 ||    11
Dodge: Dodged            |    18 |    29 |   151 |   119 ||   317
Block: Shield            |    27 |    29 |   112 |    75 ||   243
       Rpst.: Long sword |     5 |     7 |    58 |    29 ||    99
